 Dungeon Crawl Stone Soup version 0.30.1-11-g7821555f0a (webtiles) character file.

Game seed: 1355660610409685005

328 Robert the Chiller (level 6, -7/26 HPs)
             Began as a Felid Ice Elementalist on Oct 31, 2023.
             Was an Initiate of Nemelex Xobeh.
             Killed from afar by Blork the orc (8 damage)
             ... with a magic dart
             ... on level 4 of the Dungeon.
             The game lasted 00:09:06 (1972 turns).

Robert the Chiller (Felid Ice Elementalist)         Turns: 1972, Time: 00:09:06

Health: -7/26      AC:  2    Str:  4    XL:     6   Next: 25%
Magic:  6/12       EV: 18    Int: 18    God:    Nemelex Xobeh [......]
Gold:   107        SH:  0    Dex: 17    Spells: 6/12 levels left
                                        Lives:  0   Deaths: 1

rFire   . .          .
                       - Unarmed
rCold   . . .        (shield unavailable)
rNeg    . . .        (body armour unavailable)
rPois   .            (helmet unavailable)
rElec   .            (cloak unavailable)
rCorr   .            (gloves unavailable)
SInv    +            (boots unavailable)
Will    +....        (no amulet)
Stlth   +++          b - ring of willpower
HPRegen 0.24/turn    (no ring)
MPRegen 0.13/turn

%: no passive effects
@: freezing walls, very slightly contaminated, quick
A: very small, claws 1, fangs 3, see invisible, speed 1, shaggy fur 2, stealthy
paws, no weapons or thrown items, no armour, multi-lived
a: Renounce Religion, Draw Escape, Draw Destruction, Draw Summoning


You were on level 4 of the Dungeon.
You worshipped Nemelex Xobeh.
Nemelex Xobeh was noncommittal.
You visited 2 branches of the dungeon, and saw 5 of its levels.

You collected 107 gold pieces.

Inventory:

Jewellery
 b - a ring of willpower (left paw)
Wands
 h - a wand of flame (17)
 j - a wand of roots (5)
Scrolls
 d - a scroll of enchant armour {unknown}
 e - a scroll of blinking {unknown}
 f - a scroll of fog {unknown}
 i - a scroll of amnesia {unknown}
 k - a scroll of magic mapping {unknown}
 l - a scroll of acquirement {unknown}
 m - a scroll of poison {unknown}
Potions
 a - a potion of magic
 c - a potion of ambrosia {unknown}
 n - a potion of degeneration {unknown}


   Skills:
 * Level 1.8 Fighting
 * Level 3.7 Dodging
 * Level 3.6 Stealth
 * Level 1.7 Unarmed Combat
 * Level 3.7 Spellcasting
 * Level 1.6 Translocations
 * Level 4.8 Ice Magic
 * Level 0.2 Invocations
 * Level 0.3 Evocations


You had 6 spell levels left.
You knew the following spells:

 Your Spells              Type           Power      Damage    Failure   Level
a - Freeze                Ice            80%        1d9       1%          1
b - Frozen Ramparts       Ice            40%        1d7       6%          3
c - Blink                 Tloc           18%        N/A       12%         2

Your spell library contained the following spells:

 Spells                   Type           Power      Damage    Failure   Level
 Ozocubu's Armour         Ice            20%        N/A       6%          3
 Lesser Beckoning         Tloc           18%        N/A       12%         2
 Momentum Strike          Conj/Tloc      12%        3d8       16%         2
 Summon Ice Beast         Ice/Summ       12%        N/A       50%         4


Dungeon Overview and Level Annotations

Branches:
Dungeon (4/15)             Temple (1/1) D:4

Altars:
Ashenzari
Cheibriados
Elyvilon
Hepliaklqana
Nemelex Xobeh
Qazlal
Sif Muna
Trog
Uskayaw
Wu Jian
Yredelemnul
The Shining One

Shops:
D:3 (

Annotations:
D:4 Blork the orc


Innate Abilities, Weirdness & Mutations

You have sharp claws.
You have razor-sharp teeth.
You have supernaturally acute eyesight. (SInv)
You cover ground quickly. (Speed+)
You are covered in thick fur. (AC +2)
Your paws help you pounce on unaware monsters.
You are incapable of wielding weapons or throwing items.
You cannot wear armour.
You gain extra lives every three experience levels.


Message History

Casting: Frozen Ramparts (quite dangerous; 6% risk of failure)
Press: ? - help, Dir - look around, f - activate The walls around you are covered in ice.
The wall freezes Blork the orc.
Blork the orc hits you from afar with a +0 halberd!
The wall freezes Blork the orc but does no damage.
Blork the orc closely misses you.
Aiming: Fastroot
Press: ? - help, Shift-Dir - straight line, f - Blork the orc
Aim: Blork the orc, wielding a +0 halberd and wearing a +0 robe (lightly wounded, fast)
The roots erupt in riotous growth!
Roots grab Blork the orc.
The grasping roots constrict Blork the orc.
The wall freezes Blork the orc but does no damage.
Blork the orc closely misses you.
You feel better.
The grasping roots constrict Blork the orc.
The roots release their grip on Blork the orc.
The wall freezes Blork the orc.
Blork the orc misses you.
The wall freezes Blork the orc but does no damage.
Blork the orc hits you from afar with a +0 halberd!
Aiming: Fastroot
Press: ? - help, Shift-Dir - straight line, f/p - Blork the orc
Aim: Blork the orc, wielding a +0 halberd and wearing a +0 robe (moderately wounded, fast)
The roots erupt in riotous growth!
Roots grab Blork the orc.
The grasping roots constrict Blork the orc.
The wall freezes Blork the orc.
Blork the orc hits you from afar with a +0 halberd!
* * * LOW HITPOINT WARNING * * *
Aiming: Fastroot
Press: ? - help, Shift-Dir - straight line, f - you, p - Blork the orc The roots erupt in riotous growth!
The grasping roots constrict Blork the orc.
The roots release their grip on Blork the orc.
The wall freezes Blork the orc.
Blork the orc points at you and mumbles some strange words.
The magic dart hits you!
You die...
Your body disappears without a glow.

##♣♣♣# #..........(# #≈≈~~~≈≈
.### ##...........# #####...##
...# #...........## #....#####
...# #...........# #.....####
..## #...........# ##......##.
..#####...........#
#..........
.###............o.#
###........## ##
#'#####.....#..###.........###
# ##...≈#....#.@....##.......#
#...≈#...##...#####......## ##
#...≈#..##..### ######## .##
#...≈####..## ..###≈≈≈≈###.###
....#####+#.##########
##...####..###.......###
###....#..##...........####
###....#................###


You could see Blork the orc (fast).

Vanquished Creatures
  Sigmund (D:4)
  An orc priest (D:4)
  An orc wizard (D:4)
  Natasha (thrice) (D:4)
  Robin (D:2)
  3 gnolls (D:3)
  A dart slug (D:1)
  5 orcs (D:4)
  2 endoplasms
  A giant cockroach (D:4)
  12 goblins
  7 hobgoblins
  4 quokkas
  3 ball pythons
  A bat (D:3)
  A kobold (D:2)
  2 rats
49 creatures vanquished.

Notes
Turn   | Place    | Note
-------+----------+-------------------------------------------
     0 | D:1      | Robert the Felid Ice Elementalist began the quest for the
                  | Orb.
     0 | D:1      | Reached XP level 1. HP: 7/7 MP: 4/4
   237 | D:1      | Reached XP level 2. HP: 12/12 MP: 4/6
   343 | D:2      | Noticed Robin
   415 | D:2      | Killed Robin
   416 | D:2      | Reached skill level 4 in Ice Magic
   420 | D:2      | Reached XP level 3. HP: 11/15 MP: 1/7
   424 | D:2      | Learned a level 3 spell: Frozen Ramparts
   501 | D:3      | Found Wuwim's Weapon Emporium.
   694 | D:3      | Reached skill level 1 in Unarmed Combat
   695 | D:3      | Reached skill level 1 in Fighting
   698 | D:3      | Reached XP level 4. HP: 12/19 MP: 1/8
   843 | D:4      | Noticed Blork the orc
   869 | D:4      | Slain by Blork the orc
   870 | D:4      | Reached XP level 3. HP: -1/15 MP: 5/7
   882 | D:4      | Noticed Natasha
   897 | D:4      | Killed Natasha
   997 | D:4      | Learned a level 2 spell: Blink
  1005 | D:4      | Noticed Sigmund
  1014 | D:4      | Killed Sigmund
  1015 | D:4      | Reached skill level 1 in Translocations
  1015 | D:4      | Reached XP level 4. HP: 19/19 MP: 0/10
  1015 | D:4      | Reached XP level 5. HP: 22/22 MP: 0/11
  1034 | D:4      | Found a staircase to the Ecumenical Temple.
  1042 | Temple   | Entered the Ecumenical Temple
  1058 | Temple   | Became a worshipper of Nemelex Xobeh the Trickster
  1126 | D:4      | Noticed Natasha
  1139 | D:4      | Killed Natasha
  1175 | D:4      | Noticed Natasha
  1194 | D:4      | Killed Natasha
  1495 | D:4      | Gained mutation: You are covered in thick fur. (AC +2)
                  | [Felid growth]
  1495 | D:4      | Reached XP level 6. HP: 18/26 MP: 8/12
  1971 | D:4      | HP: 1/26 [Blork the orc/+0 halberd (7)]
  1972 | D:4      | Killed from afar by Blork the orc

Illustrated notes

Levels and vault maps discovered:
D:1:      roderic_crossed_star, layout_basic
D:2:      layout_rooms, basic_altar, uniq_robin, uniq_terence
D:3:      minmay_chambers_of_threes, layout_basic, zin_statuary, serial_shops,
          shop
D:4:      layout_cave_pods, minmay_temple_entry_enclosed_plants, serial_rivers,
          chequers_serial_rivers_micro_e, chequers_serial_rivers_room_a,
          chequers_serial_rivers_room_a, chequers_serial_rivers_micro_a,
          uniq_sigmund, uniq_blork_the_orc, uniq_natasha
Temple:   nicolae_temple_no_exploring_needed

Skill      XL: |  1  2  3 |
---------------+----------+-----
Dodging        | 3 |  3.7
Ice Magic      | 4 |  4.8
Unarmed Combat | 1 |  1.7
Fighting       | 1 |  1.8
Stealth        | 3 |  3.6
Spellcasting   | 3 |  3.7
Translocations | 1 |  1.6
Invocations    | |  0.2
Evocations     | |  0.3

Action                     |  1- 3 |  4- 6 || total
---------------------------+-------+-------++-------
  Melee: Unarmed           |    27 |    11 ||    38
         Bite              |     6 |     1 ||     7
   Cast: Freeze            |    32 |    15 ||    47
         Frozen Ramparts   |     5 |     7 ||    12
  Evoke: Wand              |       |     4 ||     4
    Use: Potion            |     2 |     1 ||     3
   Stab: Sleeping          |     4 |     1 ||     5
 Armour: Skin              |     4 |     2 ||     6
  Dodge: Dodged            |    38 |    27 ||    65
